 Seeded DCSS version 0.28.0 (webtiles) character file.

Game seed: 12455045527757981411 (custom seed)

494 Illumine the Cudgeller (level 6, 0/52 HPs)
             Began as a Minotaur Monk on Apr 10, 2022.
             Was a Follower of Ru.
             Slain by a gnoll (6 damage)
             ... on level 4 of the Dungeon.
             The game lasted 00:04:04 (4706 turns).

Illumine the Cudgeller (Minotaur Monk)              Turns: 4706, Time: 00:04:04

Health: 0/52       AC: 10    Str: 18    XL:     6   Next: 92%
Magic:  5/5        EV:  3    Int:  7    God:    Ru [*.....]
Gold:   226        SH:  0    Dex: 12    Spells: 5/5 levels left

rFire   . . .      SeeInvis .   w - +1 war axe (flame)
rCold   . . .      Faith    .   (no shield)
rNeg    . . .      Spirit   .   q - +0 chain mail
rPois   .          Reflect  .   g - +0 hat
rElec   .          Harm     .   b - +0 cloak
rCorr   .          Rampage  .   (no gloves)
Will    .....                   (no boots)
Stlth   ..........              (no amulet)
HPRegen 0.17/turn               (no ring)
MPRegen 0.09/turn               (no ring)

@: no status effects
A: horns 2, reduced EV 1, retaliatory headbutt
a: Renounce Religion


You were on level 4 of the Dungeon.
You worshipped Ru.
Ru was aware of your devotion.
You visited 2 branches of the dungeon, and saw 5 of its levels.

You collected 226 gold pieces.

Inventory:

Hand Weapons
 o - a +3 flail
 w - a +1 war axe of flaming (weapon)
Missiles
 t - 5 poisoned darts
 u - 34 stones (quivered)
Armour
 b - a +0 cloak (worn)
 g - a +0 hat (worn)
 q - a +0 chain mail (worn)
 y - a +0 kite shield
Wands
 v - a wand of paralysis (7)
Scrolls
 a - a scroll of summoning {unknown}
 h - a scroll of teleportation {unknown}
 j - a scroll of noise {unknown}
 n - a scroll of fear {unknown}
 p - a scroll of enchant weapon {unknown}
 r - 2 scrolls of identify {unknown}
 s - a scroll of fog {unknown}
Potions
 c - 2 potions of haste {unknown}
 d - a potion of invisibility {unknown}
 e - a potion of resistance {unknown}
 f - a potion of flight {unknown}
 i - 3 potions of lignification {unknown}
 k - a potion of heal wounds {unknown}
 l - a potion of degeneration {unknown}
 m - a potion of mutation {unknown}
 x - a potion of magic {unknown}


   Skills:
 - Level 4.1 Fighting
 * Level 7.8 Maces & Flails
 + Level 4.6 Armour
 - Level 3.2 Dodging
 - Level 1.5 Stealth


You had 5 spell levels left.
You didn't know any spells.
Your spell library contained the following spells:

 Spells                   Type           Power      Damage    Failure   Level
 Ensorcelled Hibernation  Hex/Ice        0%         N/A       100%        2
 Spider Form              Tmut/Pois      0%         N/A       100%        3
 Anguish                  Hex/Necr       0%         N/A       100%        4


Dungeon Overview and Level Annotations

Branches:
Dungeon (4/15)             Temple (1/1) D:4

Altars:
Ashenzari
Cheibriados
Elyvilon
Kikubaaqudgha
Makhleb
Nemelex Xobeh
Okawaru
Ru
Sif Muna
Trog
Xom
Zin
The Shining One

Shops:
D:2 *

Annotations:
D:2 Sigmund


Innate Abilities, Weirdness & Mutations

You have a pair of horns on your head.
You have somewhat slow reflexes. (EV -5)
You reflexively headbutt those who attack you in melee.


Message History

2 gnolls come into view.
A gnoll is wielding a +4 halberd of protection.
The gnoll shouts! x2
The gnoll throws a throwing net.
The throwing net completely misses you.
You see here a throwing net.
The gnoll hits you from afar with a +0 halberd.
You slash the gnoll! You burn the gnoll.
The gnoll is severely wounded.
The gnoll hits you with a +0 club. The gnoll hits you but does no damage.
The gnoll barely misses you.
You slash the gnoll! You burn the gnoll.
You kill the gnoll!
The gnoll hits you but does no damage. x2
The gnoll hits you from afar with a +0 halberd.
The gnoll hits you but does no damage.
The gnoll hits you with a +4 halberd of protection!
The gnoll hits you but does no damage. x2
You barely miss the gnoll. You hit the gnoll. You burn the gnoll.
You barely miss the gnoll. The gnoll hits you but does no damage.
The gnoll hits you with a +0 halberd. The gnoll barely misses you.
You slash the gnoll! You burn the gnoll.
You kill the gnoll!
You barely miss the gnoll. You hit the gnoll. You burn the gnoll.
The gnoll hits you with a +4 halberd of protection!
The gnoll hits you but does no damage. x2
You closely miss the gnoll. Your headbutt misses the gnoll.
You hit the gnoll but do no damage. The gnoll hits you but does no damage.
The gnoll hits you with a +4 halberd of protection!
The gnoll hits you with a +0 spear.
* * * LOW HITPOINT WARNING * * *
You barely miss the gnoll. You hit the gnoll. You burn the gnoll.
The gnoll hits you with a +4 halberd of protection.
* * * LOW HITPOINT WARNING * * *
The gnoll hits you but does no damage.
You slash the gnoll! You burn the gnoll.
The gnoll is almost dead.
You hit the gnoll. You burn the gnoll.
You kill the gnoll!
The gnoll hits you with a +4 halberd of protection.
You die...

#...## #..##...##...
#...#
#########.#..≈..#.#.
#...#
##.........#.≈≈≈.#.##
#.###
#..........#.≈≈≈.#.##
###
##..........#.≈≈≈.#.#
#...........#..≈..#.#
##......(....##...##..
#.............#####.)
#...8.@).....$...
#.....g))..>....##
#...............#
#.......$......##
#..............#
##............##
##...........#
...........##


You could see a gnoll.

Vanquished Creatures
  An ice beast (D:4)
  A phantom (D:4)
  A scorpion (D:4)
  Crazy Yiuf (D:3)
  An iguana (D:4)
  Ijyb (D:4)
  5 adders
  7 gnolls
  A white imp (D:4)
  An adder skeleton (D:4)
  2 dart slugs
  2 orcs (D:3)
  8 ball pythons
  6 endoplasms
  2 giant cockroaches
  10 hobgoblins
  A jackal (D:3)
  5 kobolds
  3 quokkas
  4 bats
  6 frilled lizards
  8 goblins
  4 rats
81 creatures vanquished.

Notes
Turn   | Place    | Note
-------+----------+-------------------------------------------
     0 | D:1      | Illumine the Minotaur Monk began the quest for the Orb.
     0 | D:1      | Reached XP level 1. HP: 19/19 MP: 0/0
   229 | D:1      | Reached skill level 4 in Maces & Flails
   234 | D:1      | Reached XP level 2. HP: 12/27 MP: 1/1
   492 | D:1      | Reached skill level 1 in Armour
  1132 | D:1      | Found a faded altar of an unknown god.
  1578 | D:2      | Reached XP level 3. HP: 33/33 MP: 2/2
  1677 | D:2      | Found Nuelawn's Assorted Antiques.
  1899 | D:2      | Noticed Sigmund
  2342 | D:3      | Reached skill level 5 in Maces & Flails
  2342 | D:3      | Reached XP level 4. HP: 23/40 MP: 3/3
  2688 | D:3      | Found a runed translucent door.
  2689 | D:3      | Noticed Crazy Yiuf
  3558 | D:3      | Killed Crazy Yiuf
  3559 | D:3      | Reached skill level 6 in Maces & Flails
  3559 | D:3      | Reached XP level 5. HP: 33/46 MP: 4/4
  3893 | D:4      | Noticed Ijyb
  3896 | D:4      | Paralysed by Ijyb for 7 turns
  3906 | D:4      | Paralysed by Ijyb for 4 turns
  3912 | D:4      | Paralysed by Ijyb for 7 turns
  3922 | D:4      | Killed Ijyb
  4109 | D:4      | Reached XP level 6. HP: 52/52 MP: 5/5
  4164 | D:4      | Found a staircase to the Ecumenical Temple.
  4173 | Temple   | Entered the Ecumenical Temple
  4223 | Temple   | Became a worshipper of Ru the Awakened
  4227 | Temple   | Gained mutation: You have somewhat slow reflexes. (EV -5)
                  | [Ru sacrifice]
  4227 | Temple   | Reached * piety under Ru
  4396 | D:4      | Reached skill level 7 in Maces & Flails
  4486 | D:4      | Noticed an ice beast
  4495 | D:4      | Killed an ice beast
  4706 | D:4      | Slain by a gnoll

Illustrated notes

Levels and vault maps discovered:
D:1:      heliophobic_arrival_enchanted_forest, layout_loops_corners,
          nicolae_ecumenical_lake_church, minmay_misc_feat_room
D:2:      layout_loops_ring, serial_shops, nicolae_shop_advertising_works
          [nicolae_subvault_shop_adworks], uniq_natasha, uniq_sigmund
D:3:      layout_rooms, hangedman_abyss_or_decor_stabs, chequers_arboretum,
          minmay_fractal_squares_diagonal_5, uniq_crazy_yiuf_cottage
D:4:      layout_cave_pods, lemuel_temple_firewalk_b, serial_column_ruins,
          column_ruins_square_large, column_ruins_hut_pillars,
          column_ruins_grid_1, column_ruins_open_small, column_ruins_grid_1,
          minmay_fire_ice_demons, uniq_ijyb
Temple:   regret_index_temple_waves

Skill      XL: |  1  2  3  4  5  6 |
---------------+-------------------+-----
Maces & Flails | 4 5 6 7 |  7.8
Armour         | 1 2 3 4 |  4.6
Fighting       | 4 |  4.1
Dodging        | |  3.2
Stealth        | |  1.5

Action                   |  1- 3 |  4- 6 || total
-------------------------+-------+-------++-------
Melee: Mace              |    76 |    22 ||    98
       Headbutt          |    10 |    12 ||    22
       Flail             |       |    64 ||    64
       Punch             |       |     4 ||     4
       War axe           |       |    18 ||    18
Throw: Stone             |       |     1 ||     1
Invok: Sacrifice Health  |       |     1 ||     1
 Stab: Sleeping          |     4 |       ||     4
Armor: Robe              |    14 |     7 ||    21
       Chain mail        |       |    47 ||    47
Dodge: Dodged            |    50 |    43 ||    93
